 Dungeon Crawl Stone Soup version 0.15.2 (webtiles) character file.

5848 Heini the Basher (level 10, -5/96 HPs)
             Began as a Minotaur Fighter on Mar 8, 2015.
             Was a Priest of Okawaru.
             Killed by divine providence
             ... invoked by an orc priest
              (12 damage)
             ... on Level 10 of the Dungeon.
             The game lasted 00:18:36 (8220 turns).

Heini the Basher (Minotaur Fighter)                 Turns: 8220, Time: 00:18:36

HP  -5/96        AC 13     Str 24      XL: 10   Next: 51%
MP   4/4         EV  7     Int  5      God: Okawaru [***...]
Gold 554         SH 10     Dex 10      Spells:  0 memorised,  9 levels left

rFire  . . .     SeeInvis .     a - +0 flail
rCold  . . .     Clarity  +     b - +0 scale mail
rNeg   + . .     rCorr    .     c - +1 shield
rPois  +         rRot     .     F - +0 hat
rElec  .         Spirit   .     H - +1 cloak {rPois}
SustAb .         Warding  .     J - +0 pair of gloves
rMut   .         Stasis   .     (no boots)
Gourm  .                        (no amulet)
MR     .....                    r - cursed ring of positive energy
                                G - ring of invisibility

@: not resistant to hostile enchantments, extremely unstealthy
A: retaliatory headbutt, horns 2, clarity, spit poison 1, evolution 1
a: Spit Poison, Heroism, Renounce Religion, Evoke Invisibility


You were on level 10 of the Dungeon.
You worshipped Okawaru.
Okawaru was most pleased with you.
You were hungry.

You visited 2 branches of the dungeon, and saw 11 of its levels.

You collected 554 gold pieces.

Inventory:

Hand weapons
 a - a +0 flail (weapon)
Armour
 b - a +0 scale mail (worn)
 c - a +1 shield (worn)
 F - a +0 hat (worn)
 H - a +1 cloak of poison resistance (worn)
 J - a +0 pair of gloves (worn)
Magical devices
 m - a wand of magic darts (4)
 u - a wand of confusion (23)
 y - a wand of teleportation (5)
 E - a wand of teleportation (3)
 I - a wand of enslavement (2) {unknown}
 N - a wand of magic darts (10)
 P - a wand of teleportation (4)
 Q - a wand of cold (7) {unknown}
Comestibles
 d - 6 bread rations
 f - 2 beef jerkies
 g - 4 slices of pizza
 A - 3 meat rations
 L - 27 fruits
 V - a rotting chunk of orc flesh
Scrolls
 h - 2 scrolls of teleportation
 j - a scroll of blinking
 o - 3 scrolls of magic mapping
 t - 3 scrolls of identify
 x - 2 scrolls of amnesia
 D - 3 scrolls of remove curse
 O - 2 scrolls of enchant armour
 S - a scroll of enchant weapon {unknown}
Jewellery
 k - an uncursed ring of fire
 r - a cursed ring of positive energy (right hand)
 C - an uncursed ring of ice
 G - a ring of invisibility (left hand)
 T - an uncursed ring of protection from cold {unknown}
Potions
 e - a potion of might
 i - a potion of invisibility
 l - 5 potions of curing
 n - a potion of confusion
 p - a potion of brilliance
 q - a potion of berserk rage
 s - a potion of porridge
 v - a potion of lignification
 w - a potion of haste
 z - 2 potions of restore abilities {unknown}
 B - 2 potions of heal wounds {unknown}
 K - a potion of cure mutation {unknown}
 M - a potion of flight {unknown}
 R - a potion of poison {unknown}


   Skills:
 * Level 11.2 Fighting
 * Level 11.6 Maces & Flails
 * Level 11.0 Armour
 - Level 3.6 Shields


You had 9 spell levels left.
You didn't know any spells.

Dungeon Overview and Level Annotations

Branches:
Dungeon (10/15)            Temple (1/1) D:4
    Orc: D:9-12        Lair: D:8-11

Altars:
Ashenzari
Cheibriados
Dithmenos
Elyvilon
Fedhas
Kikubaaqudgha
Makhleb
Nemelex Xobeh
Okawaru
Qazlal
Sif Muna
Trog
Vehumet
Xom
Yredelemnul
Zin
The Shining One

Shops:
D:8 :   D:10 :


Innate Abilities, Weirdness & Mutations

You reflexively headbutt those who attack you in melee.
You have a pair of horns on your head.
You possess an exceptional clarity of mind.
You can spit poison.
You evolve.


Message History

The orc priest mumbles some strange prayers to Beogh.
You feel troubled. You block the kobold's attack.
You hit the kobold.
The kobold is almost dead.
The orc priest mumbles some strange prayers to Beogh against you.
Something smites you!
* * * LOW HITPOINT WARNING * * *
You block the orc's attack.
The orc priest invokes the aid of Beogh against you.
Something smites you!
* * * LOW HITPOINT WARNING * * *
The orc priest invokes the aid of Beogh against you.
Something smites you!
* * * LOW HITPOINT WARNING * * *
The kobold hits you but does no damage.
Things that are here:
3 stones; a kobold corpse The orc priest mumbles some strange prayers to Beogh against you.
Something smites you!
You die...

## ## .###.#
.....##
##........
##<.[##
##((...#
#...#.∩.∩...
#..###.....
##@# ∩.∩..
#(# ##.. #K#
#oo#


.oco# ##.... ##..# #.## #. You could see a centaur, 2 orc priests, an orc and a
kobold.

Vanquished Creatures
  Gastronok (D:9)
  Maurice (D:8)
  Prince Ribbit (D:8)
  Eustachio (D:6)
  2 hungry ghosts
  Grum (D:8)
  2 wolves (D:8)
  2 humans (D:7)
  2 hippogriffs
  A water moccasin (D:5)
  Menkaure (D:5)
  5 sky beasts
  2 ice beasts (D:5)
  2 ogres
  2 centaurs
  A giant frog (D:7)
  Sigmund (D:3)
  Duvessa (D:8)
  2 big kobolds
  A water moccasin zombie (D:6)
  A scorpion (D:5)
  4 crimson imps
  Dowan (D:8)
  A jelly (D:5)
  2 goliath beetles (D:8)
  An orc priest (D:4)
  3 hounds
  3 iguanas
  A black bear skeleton (D:4)
  5 orc wizards
  6 worker ants
  A big kobold zombie (D:7)
  Jessica (D:3)
  9 adders
  14 gnolls
  A gnoll skeleton (D:9)
  4 giant mites
  2 shadow imps
  3 worms
  An iguana zombie (D:6)
  An orc zombie (D:5)
  3 giant geckos
  23 orcs
  A ball python (D:3)
  6 giant cockroaches
  9 goblins
  9 hobgoblins
  6 jackals
  24 kobolds
  2 quokkas (D:2)
  17 bats
  3 giant newts
  A hobgoblin zombie (D:6)
  11 rats
  2 fungi (D:3)
214 creatures vanquished.

Notes
Turn   | Place    | Note
--------------------------------------------------------------
     0 | D:1      | Heini, the Minotaur Fighter, began the quest for the Orb.
     0 | D:1      | Reached XP level 1. HP: 19/19 MP: 1/1
   166 | D:1      | Reached skill level 4 in Armour
   186 | D:1      | Reached XP level 2. HP: 27/27 MP: 1/1
   729 | D:2      | Found a white marble altar of Elyvilon.
   823 | D:2      | Reached XP level 3. HP: 31/34 MP: 2/2
   926 | D:2      | Found a shimmering altar of Xom.
   928 | D:2      | Found an ancient bone altar of Kikubaaqudgha.
  1397 | D:3      | Reached XP level 4. HP: 39/41 MP: 2/2
  1436 | D:3      | Reached skill level 5 in Armour
  1538 | D:3      | Noticed Jessica
  1545 | D:3      | Killed Jessica
  1764 | D:3      | Reached skill level 5 in Fighting
  1813 | D:3      | Reached XP level 5. HP: 41/48 MP: 2/2
  1837 | D:3      | Noticed Sigmund
  1845 | D:3      | Killed Sigmund
  1860 | D:3      | Found a blossoming altar of Fedhas.
  2237 | D:4      | Reached XP level 6. HP: 52/56 MP: 3/3
  2298 | D:4      | Reached skill level 6 in Armour
  2950 | D:4      | Found a staircase to the Ecumenical Temple.
  2965 | Temple   | Entered the Ecumenical Temple
  2990 | D:4      | Noticed an ogre
  2994 | D:4      | Killed an ogre
  2994 | D:4      | Reached skill level 5 in Maces & Flails
  2994 | D:4      | Reached XP level 7. HP: 62/62 MP: 3/3
  3041 | D:4      | Reached skill level 7 in Armour
  3446 | D:5      | Entered Level 5 of the Dungeon
  3961 | D:5      | Reached skill level 8 in Armour
  4111 | D:5      | Noticed Menkaure
  4119 | D:5      | Killed Menkaure
  4119 | D:5      | Reached XP level 8. HP: 47/73 MP: 3/3
  4812 | D:6      | Gained mutation: You possess an exceptional clarity of mind. [potion of beneficial mutation]
  4930 | D:6      | Noticed Eustachio
  4946 | D:6      | Killed Eustachio
  4946 | D:6      | Reached skill level 9 in Armour
  5604 | D:7      | Found an iron altar of Okawaru.
  5620 | D:7      | Reached XP level 9. HP: 36/82 MP: 4/4
  5651 | D:7      | Became a worshipper of Warmaster Okawaru
  6308 | D:8      | Noticed Grum
  6330 | D:8      | Acquired Okawaru's first power
  6333 | D:8      | Killed Grum
  6333 | D:8      | Reached skill level 10 in Armour
  6472 | D:8      | Found Kaaklog's Book Shoppe.
  6477 | D:8      | Noticed Prince Ribbit
  6486 | D:8      | Reached skill level 10 in Fighting
  6492 | D:8      | Killed Prince Ribbit
  6492 | D:8      | Reached skill level 10 in Maces & Flails
  6599 | D:8      | Noticed Duvessa
  6611 | D:8      | Killed Duvessa
  6634 | D:8      | Noticed Dowan
  6645 | D:8      | Killed Dowan
  7180 | D:8      | Noticed Maurice
  7210 | D:8      | Killed Maurice
  7210 | D:8      | Reached XP level 10. HP: 80/94 MP: 4/4
  7702 | D:9      | Noticed Gastronok
  7723 | D:9      | Killed Gastronok
  7723 | D:9      | Reached skill level 11 in Fighting
  8002 | D:9      | Gained mutation: You evolve. [potion of beneficial mutation]
  8003 | D:9      | Gained mutation: You can spit poison. [potion of beneficial mutation]
  8197 | D:10     | Entered Level 10 of the Dungeon
  8197 | D:10     | Found Yhoulenock's Book Shop.
  8220 | D:10     | Killed from afar by an orc priest

Action                   |  1- 3 |  4- 6 |  7- 9 | 10-12 || total
-------------------------+-------+-------+-------+-------++-------
Melee: Flail             |    89 |   140 |   420 |    90 ||   739
Evoke: Wand              |       |     1 |       |       ||     1
  Use: Scroll            |     6 |     7 |     5 |       ||    18
       Potion            |       |       |     1 |     2 ||     3
  Eat: Chunk             |     2 |     5 |    15 |     3 ||    25
